 Dungeon Crawl Stone Soup version 0.30-a0-23-ge60ba3568b (webtiles) character file.

Game seed: 1147365931381904105

940 QueenGhuleh the Trooper (level 7, -4/63 HPs)
             Began as a Minotaur Berserker on Aug 24, 2022.
             Was a Believer of Trog.
             Killed by divine providence
             ... invoked by an orc priest
              (16 damage)
             ... on level 4 of the Dungeon.
             The game lasted 00:06:11 (3934 turns).

QueenGhuleh the Trooper (Minotaur Berserker)        Turns: 3934, Time: 00:06:12

Health: -4/63      AC: 12    Str: 24    XL:     7   Next: 88%
Magic:  6/6        EV:  7    Int:  4    God:    Trog [**....]
Gold:   217        SH:  0    Dex:  9    Spells: 6/6 levels left

rFire   . . .      SeeInvis .    o - +0 scythe
rCold   . . .      Faith    .    (shield currently unavailable)
rNeg    . . .      Spirit   .    g - +0 plate armour
rPois   .          Reflect  .    (helmet restricted)
rElec   .          Harm     .    (no cloak)
rCorr   .          Rampage  .    (no gloves)
Will    .....                    (no boots)
Stlth   ..........               (no amulet)
HPRegen 0.20/turn                (no ring)
MPRegen 0.10/turn                (no ring)

@: on berserk cooldown, slowed, very slow
A: horns 2, retaliatory headbutt
a: Renounce Religion, Berserk, Trog's Hand


You were on level 4 of the Dungeon.
You worshipped Trog.
Trog was pleased with you.
You visited 1 branch of the dungeon, and saw 4 of its levels.

You collected 217 gold pieces.

Inventory:

Hand Weapons
 o - a +0 scythe (weapon)
Missiles
 s - a throwing net (quivered)
Armour
 g - a +0 plate armour (worn)
Jewellery
 r - an amulet of regeneration
Scrolls
 a - 2 scrolls of butterflies {unknown}
 c - 2 scrolls of amnesia {unknown}
 d - 2 scrolls of enchant weapon {unknown}
 f - a scroll of poison {unknown}
 h - a scroll of immolation {unknown}
 j - a scroll of noise {unknown}
 m - 2 scrolls of teleportation {unknown}
 n - a scroll of fear {unknown}
 p - 3 scrolls of identify {unknown}
Potions
 b - a potion of ambrosia {unknown}
 e - a potion of berserk rage {unknown}
 i - 3 potions of curing {unknown}
 k - a potion of invisibility {unknown}
 l - a potion of heal wounds {unknown}
 q - a potion of might {unknown}
 t - a potion of flight {unknown}


   Skills:
 + Level 6.0 Fighting
 + Level 5.6(7.0) Axes
 + Level 4.3(5.6) Maces & Flails
 + Level 4.5(5.8) Polearms
 + Level 5.9 Armour
 + Level 2.4 Dodging
 + Level 0.1 Stealth


You had 6 spell levels left.
You didn't know any spells.
Your spell library was empty.

Dungeon Overview and Level Annotations

Branches:
Dungeon (4/15)
 Temple: D:4-7

Altars:
Elyvilon
Qazlal

Shops:
D:4 [


Innate Abilities, Weirdness & Mutations

You have a pair of horns on your head.
You reflexively headbutt those who attack you in melee.


Message History

The orc wizard casts a spell at you. The puff of flame misses you.
You barely miss the orc wizard. The orc barely misses you.
The orc wizard closely misses you. The orc hits you but does no damage.
The orc wizard hits you with a +0 dagger.
The orc hits you but does no damage. x2
You barely miss the orc wizard. The orc hits you with a +0 whip.
The orc hits you but does no damage. The orc barely misses you.
The orc completely misses you.
The orc wizard hits you but does no damage.
The orc hits you but does no damage. The orc priest hits you with a +0 whip.
You puncture the orc wizard!
You kill the orc wizard!
Trog accepts your kill.
Trog appreciates your killing of a magic user.
The orc hits you but does no damage. The orc barely misses you.
You furiously retaliate!
You headbutt the orc, but do no damage. The orc hits you but does no damage.
The orc priest barely misses you. The orc barely misses you.
You furiously retaliate!
You headbutt the orc, but do no damage. The orc hits you but does no damage.
The orc closely misses you. You furiously retaliate!
You headbutt the orc, but do no damage. The orc closely misses you.
You furiously retaliate!
You headbutt the orc!
You kill the orc!
Trog accepts your kill.
Your Fighting skill increases to level 6!
The orc hits you with a +0 dagger. The orc wizard casts a spell at you.
The magic dart hits you.
The orc priest invokes the aid of Beogh against you.
Beogh smites you!
The orc hits you with a +2 flail of protection.
* * * LOW HITPOINT WARNING * * *
The orc priest calls upon Beogh to heal the orc wizard.
The orc wizard's wounds heal themselves!
The orc hits you with a +2 flail of protection.
* * * LOW HITPOINT WARNING * * *
The orc priest mumbles some strange prayers to Beogh against you.
Beogh smites you!
You die...

##....[.......8...
.......)#.....## ...
........##.#### ...
...........# ....
..........?## .....
.........)..####....#
....................#
..........#oo)!...>##
............o@......#
....##..#..oooo.....#
### #..#............
##.........##...
#...........# ..
..#...[.##.... .
..#....## ..... .....
##...


You could see 2 orc priests, an orc wizard and 4 orcs.

Vanquished Creatures
  Sigmund (D:2)
  Eustachio (D:4)
  Menkaure (D:4)
  Edmund (D:4)
  A water moccasin (D:4)
  An ogre (D:4)
  A scorpion (D:4)
  Terence (D:2)
  Crazy Yiuf (D:2)
  3 orc wizards
  3 adders
  A gnoll (D:1)
  4 worms
  2 dart slugs (D:3)
  4 orcs
  8 bats
  6 endoplasms
  3 giant cockroaches
  9 goblins
  3 hobgoblins
  7 kobolds
  4 quokkas
  4 ball pythons
  4 frilled lizards
  4 rats
78 creatures vanquished.

Notes
Turn   | Place    | Note
-------+----------+-------------------------------------------
     0 | D:1      | QueenGhuleh the Minotaur Berserker began the quest for the
                  | Orb.
     0 | D:1      | Reached XP level 1. HP: 19/19 MP: 0/0
   460 | D:1      | Found a faded altar of an unknown god.
   560 | D:1      | Reached XP level 2. HP: 27/27 MP: 1/1
   592 | D:1      | Reached skill level 4 in Fighting
  1366 | D:1      | Reached XP level 3. HP: 34/34 MP: 2/2
  1585 | D:2      | Noticed Terence
  1595 | D:2      | Killed Terence
  1596 | D:2      | Reached skill level 5 in Axes
  1596 | D:2      | Reached XP level 4. HP: 41/41 MP: 3/3
  1707 | D:2      | Reached ** piety under Trog
  2097 | D:2      | Noticed Sigmund
  2113 | D:2      | Killed Sigmund
  2114 | D:2      | Reached skill level 5 in Fighting
  2114 | D:2      | Reached XP level 5. HP: 48/48 MP: 4/4
  2189 | D:2      | Found a white marble altar of Elyvilon.
  2277 | D:2      | Found a runed translucent door.
  2278 | D:2      | Noticed Crazy Yiuf
  2450 | D:2      | Killed Crazy Yiuf
  2451 | D:2      | Reached XP level 6. HP: 56/56 MP: 5/5
  3179 | D:4      | Noticed a water moccasin
  3191 | D:4      | Killed a water moccasin
  3192 | D:4      | Reached skill level 1 in Polearms
  3431 | D:4      | Found Wyovy's Armour Shoppe.
  3432 | D:4      | Found a sand-covered staircase.
  3454 | D:4      | Reached XP level 7. HP: 55/61 MP: 6/6
  3581 | D:4      | Found a stormy altar of Qazlal.
  3591 | D:4      | Noticed Eustachio
  3597 | D:4      | Noticed Menkaure
  3604 | D:4      | Killed Eustachio
  3604 | D:4      | Noticed Edmund
  3605 | D:4      | Reached skill level 5 in Armour
  3609 | D:4      | Killed Menkaure
  3612 | D:4      | HP: 3/62 [Edmund/+1 vorpal flail (6)]
  3613 | D:4      | Killed Edmund
  3934 | D:4      | Reached skill level 6 in Fighting
  3934 | D:4      | Killed from afar by an orc priest

Illustrated notes

Levels and vault maps discovered:
D:1:      dpeg_arrival_simpleton_c, layout_loops_corners,
          chequers_ecumenical_altar_twisty
D:2:      layout_loops_ring, basic_altar, uniq_sigmund, uniq_crazy_yiuf_cottage,
          uniq_terence
D:3:      layout_rooms, nrook_loot_triangle
D:4:      layout_cave_pools, grunt_qazlal_sundering,
          minmay_temple_entry_steel_oval, serial_shops, nicolae_shop_stone,
          nicolae_ossuary_entry_monument, st_stairs_14, dk_noncrumbling_4,
          uniq_edmund, uniq_eustachio, uniq_menkaure, uniq_blork_the_orc

Skill      XL: |  1  2  3  4  5  6  7 |
---------------+----------------------+-----
Fighting       | 4 5 6 |  6.0
Axes           | 4 5 |  5.6
Maces & Flails | 3 4 |  4.3
Armour         | 3 4 5 |  5.9
Polearms       | 2 4 |  4.5
Dodging        | |  2.4
Stealth        | |  0.1

Action                   |  1- 3 |  4- 6 |  7- 9 || total
-------------------------+-------+-------+-------++-------
Melee: Hand axe          |    57 |       |       ||    57
       Headbutt          |    13 |    12 |     4 ||    29
       Punch             |     1 |       |       ||     1
       Flail             |    25 |    50 |       ||    75
       Halberd           |       |    84 |    23 ||   107
Invok: Berserk           |     1 |     3 |     2 ||     6
Armor: Plate armour      |    32 |   108 |    22 ||   162
       Chain mail        |     7 |       |       ||     7
       Ring mail         |     6 |       |       ||     6
Dodge: Dodged            |    25 |    42 |    17 ||    84

Table legend: (Time is in decaauts)
 A = Elapsed time spent in this place.
 B = Non-inter-level travel time spent in this place.
 C = Inter-level travel time spent in this place.
 D = Time resting spent in this place.
 E = Time spent auto-exploring this place.
 F = Levels seen in this place.
 G = Mean time per level.
                   A        B        C        D        E       F      G
               +--------+--------+--------+--------+--------+-----+--------+
         Total |   4028 |   3927 |    101 |      0 |   3284 |   4 | 1007.0 |
       Dungeon |   4028 |   3927 |    101 |      0 |   3284 |   4 | 1007.0 |
               +--------+--------+--------+--------+--------+-----+--------+

Top non-repeatable levels by time:
     D:1: 1547 daAuts
     D:2: 1004 daAuts
     D:4: 779 daAuts
     D:3: 696 daAuts
